 Dungeon Crawl Stone Soup version 0.23.2-40-g277498a001 (webtiles) character file.

Game seed: 16150425799645545126

75 Emblim88 the Grasshopper (level 4, -2/38 HPs)
             Began as a Gnoll Warper on Aug 19, 2019.
             Slain by an orc (3 damage)
             ... on level 3 of the Dungeon.
             The game lasted 00:05:14 (1923 turns).

Emblim88 the Grasshopper (Gnoll Warper)             Turns: 1923, Time: 00:05:14

Health: -2/38      AC:  3    Str: 13    XL:     4   Next: 31%
Magic:  11/11      EV: 18    Int: 15    God:
Gold:   87         SH:  0    Dex: 16    Spells: 8/13 levels left

rFire    . . .     SeeInvis .   q - +1 dagger (speed)
rCold    . . .     Gourm    .   (no shield)
rNeg     . . .     Faith    .   b - +0 leather armour
rPois    .         Spirit   .   (no helmet)
rElec    .         Reflect  .   (no cloak)
rCorr    +         Harm     .   (no gloves)
MR       .....                  (no boots)
Stlth    ++........             (no amulet)
HPRegen  0.12/turn              g - +4 ring of evasion
MPRegen  0.12/turn              l - ring of resist corrosion

@: no status effects
A: distributed training, fangs 1, strong nose
a: no special abilities


You were on level 3 of the Dungeon.
You were not hungry.

You visited 1 branch of the dungeon, and saw 3 of its levels.

You collected 87 gold pieces.

Inventory:

Hand Weapons
 a - a +0 falchion
 p - a +0 blowgun
 q - a +1 dagger of speed (weapon)
Missiles
 e - 5 tomahawks of dispersal (quivered)
 h - 14 sling bullets
 r - 18 poisoned needles
Armour
 b - a +0 leather armour (worn)
Jewellery
 g - a +4 ring of evasion (left hand)
 l - a ring of resist corrosion (right hand)
Scrolls
 c - a scroll of enchant weapon {unknown}
 d - a scroll of blinking
 j - 3 scrolls of teleportation {unknown}
 k - a scroll of noise {unknown}
 m - 2 scrolls of identify {unknown}
Potions
 i - 2 potions of curing {unknown}
 n - a potion of ambrosia {unknown}
 o - a potion of heal wounds {unknown}
 s - a potion of brilliance {unknown}
Comestibles
 f - 3 rations


   Skills:
 + Level 4.6 Fighting
 + Level 1.1 Short Blades
 + Level 4.6 Long Blades
 + Level 1.1 Axes
 + Level 1.1 Maces & Flails
 + Level 1.1 Polearms
 + Level 1.1 Staves
 + Level 1.1 Slings
 + Level 1.1 Bows
 + Level 1.1 Crossbows
 + Level 2.7 Throwing
 + Level 2.7 Armour
 + Level 4.6 Dodging
 + Level 1.1 Stealth
 + Level 1.1 Shields
 + Level 1.1 Unarmed Combat
 + Level 5.0 Spellcasting
 + Level 0.8 Conjurations
 + Level 0.8 Hexes
 + Level 0.8 Charms
 + Level 0.8 Summonings
 + Level 0.8 Necromancy
 + Level 5.4 Translocations
 + Level 0.8 Transmutations
 + Level 0.8 Fire Magic
 + Level 0.8 Ice Magic
 + Level 0.8 Air Magic
 + Level 0.8 Earth Magic
 + Level 0.8 Poison Magic
 + Level 1.2 Invocations
 + Level 1.1 Evocations


You had 8 spell levels left.
You knew the following spells:

 Your Spells              Type           Power        Failure   Level  Hunger
a - Blink                 Tloc           N/A          3%          2    ##.....
b - Lesser Beckoning      Tloc           ###.......   6%          3    ###....

Your spell library contained the following spells:

 Spells                   Type           Power        Failure   Level  Hunger
 Gell's Gravitas          Tloc           ###.......   6%          3    ###....
 Teleport Other           Tloc           ###.....     6%          3    ###....
 Shroud of Golubria       Chrm/Tloc      ##........   9%          2    ##.....
 Passage of Golubria      Tloc           N/A          22%         4    ####...


Dungeon Overview and Level Annotations

Branches:
Dungeon (3/15)

Altars:


Innate Abilities, Weirdness & Mutations

Your experience applies equally to all skills.
You have very sharp teeth.
Your uncanny sense of smell can sniff out nearby items.


Message History

The orc is severely wounded.
The orc hits you.
* * * LOW HITPOINT WARNING * * *
The orc hits you with a +0 whip.
* * * LOW HITPOINT WARNING * * *
You hit the orc but do no damage.
The orc is severely wounded.
You hit the orc but do no damage.
The orc is severely wounded.
The orc hits you.
* * * LOW HITPOINT WARNING * * *
The orc completely misses you.
You hit the orc.
You kill the orc!
The orc barely misses you.
You barely miss the orc. Your bite misses the orc.
You hit the orc but do no damage. The orc hits you.
* * * LOW HITPOINT WARNING * * *
You barely miss the orc. The orc hits you.
You die...

#.......##
##.####...########
#................#
#..)###...######.##
<....###.##.. ...#
..†>..#..##.# #..#
.......#.##.####..#
#...#............o#.##
#.#.####.######.@[...#
#.#.# #.# #.r).#..#
....# #.# #..#....#
#.... ..# #.......#
#.### ### #.###.#.# .
#.# .# # .. ... . ∆...
..


You could see an orc and a rat.

Vanquished Creatures
  An adder (D:2)
  A worm (D:2)
  A dart slug (D:1)
  2 leopard geckos (D:3)
  6 orcs (D:3)
  2 ball pythons
  4 bats
  A giant cockroach (D:2)
  2 goblins (D:1)
  7 hobgoblins
  7 jackals
  6 frilled lizards
  7 kobolds
  3 rats
50 creatures vanquished.

Notes
Turn   | Place    | Note
-------+----------+-------------------------------------------
     0 | D:1      | Emblim88 the Gnoll Warper began the quest for the Orb.
     0 | D:1      | Reached XP level 1. HP: 20/20 MP: 6/6
   140 | D:1      | Reached XP level 2. HP: 26/26 MP: 7/7
   504 | D:1      | Reached XP level 3. HP: 23/31 MP: 9/9
   802 | D:1      | Reached skill level 5 in Spellcasting
  1172 | D:2      | Reached skill level 1 in Invocations
  1790 | D:3      | Reached skill level 1 in Short Blades
  1790 | D:3      | Reached skill level 1 in Axes
  1790 | D:3      | Reached skill level 1 in Maces & Flails
  1790 | D:3      | Reached skill level 1 in Polearms
  1790 | D:3      | Reached skill level 1 in Staves
  1790 | D:3      | Reached skill level 1 in Slings
  1790 | D:3      | Reached skill level 1 in Bows
  1790 | D:3      | Reached skill level 1 in Crossbows
  1790 | D:3      | Reached skill level 1 in Stealth
  1790 | D:3      | Reached skill level 1 in Shields
  1790 | D:3      | Reached skill level 1 in Unarmed Combat
  1790 | D:3      | Reached skill level 1 in Evocations
  1817 | D:3      | Reached XP level 4. HP: 32/38 MP: 11/11
  1875 | D:3      | Learned a level 2 spell: Blink
  1882 | D:3      | Learned a level 3 spell: Lesser Beckoning
  1922 | D:3      | HP: 1/38 [orc (4)]
  1923 | D:3      | Slain by an orc

Skill      XL: |  1  2  3 |
---------------+----------+-----
Spellcasting   | 5 |  5.0
Invocations    | 1 |  1.2
Short Blades   | 1 |  1.1
Axes           | 1 |  1.1
Maces & Flails | 1 |  1.1
Polearms       | 1 |  1.1
Staves         | 1 |  1.1
Slings         | 1 |  1.1
Bows           | 1 |  1.1
Crossbows      | 1 |  1.1
Stealth        | 1 |  1.1
Shields        | 1 |  1.1
Unarmed Combat | 1 |  1.1
Evocations     | 1 |  1.1
Fighting       | |  4.6
Long Blades    | |  4.6
Throwing       | |  2.7
Armour         | |  2.7
Dodging        | |  4.6
Conjurations   | |  0.8
Hexes          | |  0.8
Charms         | |  0.8
Summonings     | |  0.8
Necromancy     | |  0.8
Translocations | |  5.4
Transmutations | |  0.8
Fire Magic     | |  0.8
Ice Magic      | |  0.8
Air Magic      | |  0.8
Earth Magic    | |  0.8
Poison Magic   | |  0.8

Action                   |  1- 3 |  4- 6 || total
-------------------------+-------+-------++-------
Melee: Falchion          |   102 |       ||   102
       Bite              |    15 |    10 ||    25
       Dagger            |    28 |    68 ||    96
 Stab: Sleeping          |     3 |       ||     3
  Eat: Chunk             |     2 |     1 ||     3
Armor: Leather armour    |    16 |     4 ||    20
Dodge: Dodged            |    96 |    49 ||   145
       Rpst.: Falchion   |    24 |       ||    24
